 Dungeon Crawl Stone Soup version 0.27-a0-67-g4bfc8a49e1 (webtiles) character file.

Game seed: 9443710541697222879

1080 Borgoz the Cutter (level 8, -3/73 HPs)
             Began as a Kobold Gladiator on Jan 9, 2021.
             Killed by divine providence
             ... invoked by an orc priest
              (10 damage)
             ... on level 6 of the Dungeon.
             The game lasted 00:09:16 (7696 turns).

Borgoz the Cutter (Kobold Gladiator)                Turns: 7696, Time: 00:09:17

Health: -3/73      AC: 24    Str: 12 (13) XL:     8   Next: 55%
Magic:  8/8        EV:  3    Int:  8 (9)  God:
Gold:   202        SH:  0    Dex: 16 (17) Spells: 7/7 levels left

rFire    . . .     SeeInvis .   a - +0 rapier
rCold    + . .     Faith    .   (shield restricted)
rNeg     + + +     Spirit   .   (armour currently unavailable)
rPois    +         Reflect  .   (helmet currently unavailable)
rElec    .         Harm     .   (cloak currently unavailable)
rCorr    +         Rampage  .   (gloves currently unavailable)
Will     .....     NoTele   +   (boots currently unavailable)
Stlth    ++++......             (no amulet)
HPRegen  0.22/turn              e - ring of protection from cold
MPRegen  0.11/turn              g - ring of resist corrosion

@: tree-form, berserk cooldown, slowed, very slow
A: small, nightstalker 3
a: no special abilities


You were on level 6 of the Dungeon.
You were a tree.
You visited 2 branches of the dungeon, and saw 7 of its levels.
You also visited: Ossuary.

You collected 202 gold pieces.

Inventory:

Hand Weapons
 a - a +0 rapier (weapon)
Armour
 c - a +1 helmet (melded)
 j - a +0 leather armour (melded)
 r - a +0 pair of boots (melded)
Jewellery
 e - a ring of protection from cold (left branch)
 g - a ring of resist corrosion (right branch)
Wands
 d - a wand of flame (18)
Scrolls
 b - a scroll of immolation {unknown}
 f - 3 scrolls of enchant armour
 i - 3 scrolls of magic mapping
 n - 5 scrolls of teleportation
Potions
 l - a potion of mutation
 t - 2 potions of magic


   Skills:
 + Level 5.1 Fighting
 + Level 6.9 Short Blades
 - Level 2.1 Throwing
 + Level 3.4 Armour
 + Level 6.4 Dodging
 - Level 5.0 Stealth


You had 7 spell levels left.
You didn't know any spells.
Your spell library was empty.

Dungeon Overview and Level Annotations

Branches:
Dungeon (6/15)             Temple (1/1) D:4         Ossuary (visited)

Altars:
Ashenzari
Cheibriados
Dithmenos
Elyvilon
Fedhas
Gozag
Hepliaklqana
Kikubaaqudgha
Nemelex Xobeh
Okawaru
Qazlal
Ru
Sif Muna
Trog
Uskayaw
Vehumet
Wu Jian
Xom
Yredelemnul
Zin
The Shining One


Innate Abilities, Weirdness & Mutations

You are small and have problems with some larger weapons.
You are completely attuned to the shadows.


Message History

The orc priest barely misses you.
You hit the orc priest but do no damage.
The orc priest is severely wounded.
The orc priest hits you but does no damage.
You hit the orc priest but do no damage.
The orc priest is severely wounded.
The orc priest calls down the wrath of Beogh upon you.
Beogh smites you!
* * * LOW HITPOINT WARNING * * *
The orc priest misses you.
It was a potion of lignification.
You turn into a tree.
Your +1 helmet melds into your body.
Your +0 pair of boots melds into your body.
Your +0 leather armour melds into your body.
Your roots penetrate the ground.
The orc priest barely misses you.
You hit the orc priest.
The orc priest is almost dead.
The orc priest calls down the wrath of Beogh upon you.
Beogh smites you!
You die...

........#####.########...##.#.#..
..........###.#### #.......##....
####.............# #.#...#.######
#..#.#..##.##.# #.#...#.# #
#..........##.# ......#.# #
####..........##.#.#.#...#.# #
#.##...##..#####)# # #...# #
.#.#............)#.#.
###........##...♣o...
.#.##########.......# #.##
#.####..# ### #. ..# ..


You could see an orc priest.

Vanquished Creatures
  2 orc warriors
  3 water moccasin zombies (Ossuary)
  2 vampire bats (D:6)
  2 bullfrog zombies
  A hound (D:4)
  An orc priest (D:5)
  An orc wizard (D:6)
  2 iguanas
  3 worker ants
  4 big kobold zombies (Ossuary)
  A hound skeleton (D:4)
  2 mummies (Ossuary)
  A worker ant zombie (D:5)
  4 gnolls (D:5)
  6 adders
  A shadow imp (D:5)
  4 adder zombies (Ossuary)
  An adder skeleton (D:5)
  A worm (D:5)
  3 dart slugs
  2 leopard geckos
  17 orcs
  2 bat skeletons (D:6)
  3 bat zombies (D:6)
  3 giant cockroaches
  7 goblins
  5 hobgoblins
  10 jackals
  4 kobolds
  2 quokkas
  7 bats
  5 frilled lizards
  6 gnoll zombies (Ossuary)
  7 hobgoblin zombies (Ossuary)
  4 kobold zombies (Ossuary)
  7 orc zombies
  2 quokka skeletons
  8 rats
  A rat zombie (D:4)
147 creatures vanquished.

Notes
Turn   | Place    | Note
-------+----------+-------------------------------------------
     0 | D:1      | Borgoz the Kobold Gladiator began the quest for the Orb.
     0 | D:1      | Reached XP level 1. HP: 12/12 MP: 1/1
    60 | D:1      | Reached XP level 2. HP: 18/18 MP: 2/2
    84 | D:1      | Reached skill level 1 in Stealth
   337 | D:1      | Reached XP level 3. HP: 22/22 MP: 3/3
   560 | D:1      | Found a glowing golden altar of the Shining One.
   670 | D:2      | Reached skill level 1 in Armour
   910 | D:2      | Reached XP level 4. HP: 27/27 MP: 4/4
  1964 | D:3      | Reached XP level 5. HP: 32/32 MP: 5/5
  2290 | D:3      | Found a white marble altar of Elyvilon.
  2864 | D:4      | Found a staircase to the Ecumenical Temple.
  2901 | Temple   | Entered the Ecumenical Temple
  3091 | D:4      | Reached skill level 5 in Short Blades
  3091 | D:4      | Reached XP level 6. HP: 9/37 MP: 6/6
  3134 | D:4      | Found a sand-covered staircase.
  3180 | D:4      | Found a shadowy altar of Dithmenos.
  3189 | Ossuary  | Entered an ossuary
  3812 | Ossuary  | Reached skill level 5 in Dodging
  3831 | Ossuary  | Reached XP level 7. HP: 38/42 MP: 7/7
  5159 | D:5      | Entered Level 5 of the Dungeon
  5222 | D:5      | HP: 2/43 [gnoll (5)]
  5572 | D:5      | Found a shimmering blue altar of Sif Muna.
  5578 | D:5      | Found an ornate altar of the Wu Jian Council.
  5578 | D:5      | Found a snail-covered altar of Cheibriados.
  5597 | D:5      | Found an iron altar of Okawaru.
  5626 | D:5      | Reached skill level 5 in Stealth
  5829 | D:5      | Found an opulent altar of Gozag.
  6510 | D:4      | Reached XP level 8. HP: 20/48 MP: 8/8
  7168 | D:6      | Found an ancient bone altar of Kikubaaqudgha.
  7538 | D:6      | Found a glowing silver altar of Zin.
  7632 | D:6      | Found a hazy altar of Hepliaklqana.
  7675 | D:6      | Reached skill level 5 in Fighting
  7696 | D:6      | Killed from afar by an orc priest

Illustrated notes

Levels and vault maps discovered:
D:1:      sevenhm_arrival_forest_fort_small_6, layout_rooms,
          minmay_misc_feat_more_columns, minmay_pentomino_t4
D:2:      layout_basic, serial_curves, eino_curves_04, eino_curves_01,
          kennysheep_generic_room_9
D:3:      layout_loops_ring, elyvilon_altar_1
D:4:      layout_loops_cross, minmay_temple_entry_tees, enter_ossuary_3,
          grunt_dithmenos_smoke_and_mirrors
D:5:      layout_cave_pools, lemuel_round_altar, minitemple, okawaru_gym_becter
D:6:      layout_loops_cross, nzn_hepliaklqana_mist_gate,
          kennysheep_vampire_church, basic_altar
Temple:   eino_narrow_crystal_temple

Skill      XL: |  1  2  3  4  5  6  7  8 |
---------------+-------------------------+-----
Stealth        | 1 2 3 4 5 |  5.0
Dodging        | 4 5 6 |  6.4
Armour         | 1 2 3 |  3.4
Fighting       | 3 4 5 |  5.1
Short Blades   | 5 6 |  6.9
Throwing       | |  2.1

Action                   |  1- 3 |  4- 6 |  7- 9 || total
-------------------------+-------+-------+-------++-------
Melee: Rapier            |    76 |   212 |   328 ||   616
Throw: Throwing net      |       |     2 |     4 ||     6
  Use: Scroll            |       |     5 |     7 ||    12
       Potion            |       |       |     9 ||     9
 Stab: Sleeping          |    12 |    15 |    11 ||    38
       Held in net/web   |       |       |     1 ||     1
Armor: Leather armour    |    17 |    47 |    69 ||   133
Dodge: Dodged            |    59 |   185 |   291 ||   535

Table legend: (Time is in decaauts)
 A = Elapsed time spent in this place.
 B = Non-inter-level travel time spent in this place.
 C = Inter-level travel time spent in this place.
 D = Time resting spent in this place.
 E = Time spent auto-exploring this place.
 F = Levels seen in this place.
 G = Mean time per level.
                   A        B        C        D        E       F      G
               +--------+--------+--------+--------+--------+-----+--------+
         Total |   7631 |   7432 |    199 |   2139 |   4059 |   8 |  953.9 |
       Dungeon |   6324 |   6129 |    195 |   1512 |   3712 |   6 | 1054.0 |
        Temple |    129 |    125 |      4 |      0 |     80 |   1 |  129.0 |
       Ossuary |   1178 |   1178 |      0 |    627 |    267 |   1 | 1178.0 |
               +--------+--------+--------+--------+--------+-----+--------+

Top non-repeatable levels by time:
     D:5: 1633 daAuts
     D:2: 1359 daAuts
     D:4: 1182 daAuts
 Ossuary: 1178 daAuts
     D:3: 891 daAuts
     D:6: 659 daAuts
     D:1: 598 daAuts
  Temple: 129 daAuts
